 Dungeon Sprint DCSS version 0.30.0-29-ga12c61a403 (webtiles) character file.

Game seed: 9229683092179340122

91 boopmooplesden the Trooper (level 4, -13/85 HPs)
             Began as an Ogre Berserker on June 21, 2023.
             Was a Believer of Trog.
             Mangled by a merfolk
             ... wielding a +0 trident
              (18 damage)
             ... in the Dungeon (Sprint V: "Ziggurat Sprint").
             The game lasted 00:01:34 (336 turns).

boopmooplesden the Trooper (Ogre Berserker)          Turns: 336, Time: 00:01:36

Health: -13/85     AC:  4    Str: 29    XL:     4   Next: 57%
Magic:  4/4        EV: 11    Int: 13    God:    Trog [**....]
Gold:   0          SH:  0    Dex:  9    Spells: 3/3 levels left

rFire   + . .        x - +10 dark maul {heavy}
rCold   . . .        (shield currently unavailable)
rNeg    + . .        C - +1 robe "Muxoyreo" {rF+ rN+ Int+5 Dex-5}
rPois   .            (helmet restricted)
rElec   .            (no cloak)
rCorr   .            (gloves unavailable)
SInv    .            (boots unavailable)
Will    .....        (no amulet) Stlth
                     q - +6 ring of dexterity
HPRegen 0.34/turn    v - +6 ring of strength
MPRegen 0.09/turn

%: no teleportation
@: berserking, very quick
A: large, unfitting armour, tough skin 1
a: Renounce Religion, Berserk, Trog's Hand


You were in the Dungeon.
You worshipped Trog.
Trog was pleased with you.
You visited 1 branch

Inventory:

Hand Weapons
 a - a +0 hand axe
 x - the +10 dark maul (weapon) {heavy}
   (You found it in the Dungeon)
 y - the +7 great mace "Firestarter" {flame, immolate, rFlCloud rF++}
   (You found it in the Dungeon)

   rFlCloud:  It grants immunity to clouds of flame.
   rF:        It greatly protects you from fire.
 z - the +7 mace of Variability {chaos, chaos arc}
   (You found it in the Dungeon)
 A - a +5 giant spiked club
Armour
 b - a +0 animal skin
 i - a +3 tower shield
 C - the +1 robe "Muxoyreo" (worn) {rF+ rN+ Int+5 Dex-5}
   (You found it in the Dungeon)

   Int:       It affects your intelligence (+5).
   Dex:       It affects your dexterity (-5).
   rF:        It protects you from fire.
   rN:        It protects you from negative energy.
Jewellery
 p - a ring of flight
 q - a +6 ring of dexterity (left hand)
 r - a +6 ring of dexterity
 s - a +6 ring of intelligence
 t - a +6 ring of intelligence
 u - a +6 ring of strength
 v - a +6 ring of strength (right hand)
 B - an amulet of magic regeneration
Wands
 n - a wand of mindburst (7)
 o - a wand of quicksilver (7)
 w - a wand of digging (7)
Scrolls
 h - a scroll of blinking
Potions
 c - 10 potions of curing
 d - 10 potions of heal wounds
 e - 6 potions of haste
 f - 7 potions of magic
 g - 3 potions of berserk rage
 j - 2 potions of invisibility
 k - 4 potions of resistance
 l - a potion of experience
 m - 5 potions of might


   Skills:
 + Level 7.7 Fighting
 + Level 5.7 Axes
 + Level 0.8(3.3) Maces & Flails
 + Level 5.1 Dodging


You had 3 spell levels left.
You didn't know any spells.
Your spell library was empty.

Dungeon Overview and Level Annotations

Branches:
Dungeon (1/1)

Altars:
Ashenzari
Cheibriados
Dithmenos
Elyvilon
Fedhas
Gozag
Hepliaklqana
Kikubaaqudgha
Makhleb
Nemelex Xobeh
Okawaru
Qazlal
Ru
Sif Muna
Trog
Uskayaw
Vehumet
Wu Jian
Xom
Yredelemnul
Zin
The Shining One
Jiyva
Lugonu

Annotations:
D 1 transporter


Innate Abilities, Weirdness & Mutations

You are too large for most types of armour.
You have tough skin. (AC +1)


Message History

You finish putting on the +1 robe "Muxoyreo" {rF+ rN+ Int+5 Dex-5}.
You feel clever.
You feel clumsy.
You start resting.
You feel yourself speed up.
You start resting.
You recover from your berserk rage.
You start resting.
You start resting.
HP restored.
You start waiting.
Done waiting.
There is a transporter here.
Welcome to arena 2.
You enter the transporter and appear at another place. 3 merfolk come into view.
The merfolk shouts! x3
Found three items.
Found a transporter.
The merfolk throws a boomerang.
The boomerang misses you.
A red film seems to cover your vision as you go berserk!
You feel yourself moving faster!
You feel mighty! The merfolk closely misses you.
The merfolk hits you from afar with a +0 trident.
You feel a strong urge to attack something.
The merfolk closely misses you. x2; The merfolk hits you with a +0 trident!
You closely miss the merfolk. The merfolk barely misses you.
The merfolk hits you with a +0 trident!!
The merfolk hits you with a +0 trident! x2
* * * LOW HITPOINT WARNING * * *
The merfolk hits you with a +0 trident!
* * * LOW HITPOINT WARNING * * *
The merfolk closely misses you.
You beat the merfolk like a drum!!!!
You kill the merfolk!
Trog accepts your kill.
You can now call upon Trog for regeneration and willpower.
The merfolk hits you with a +0 trident.
* * * LOW HITPOINT WARNING * * *
The merfolk hits you with a +0 trident!!
You die...

▓▓▓▓▓▓▓▓▓▓▓▓▓
▓.8©8.▓.8©8.▓
▓.:[).▓.....▓
▓.....▓.....▓
▓.m)m.▓.....▓
▓..@..▓.....▓
▓.....▓..©..▓
▓..©..▓▓▓▓▓▓▓
▓▓▓▓▓▓▓


You could see 2 merfolk.

Vanquished Creatures
  A merfolk (D)
  A bullfrog (D)
  An iguana (D)
3 creatures vanquished.

Notes
Turn   | Place    | Note
-------+----------+-------------------------------------------
     0 | D        | boopmooplesden the Ogre Berserker began the quest for the
                  | Orb.
     0 | D        | Reached XP level 1. HP: 24/24 MP: 1/1
     2 | D        | Found a blossoming altar of Fedhas.
     2 | D        | Found the +6 Majin-Bo {spellvamp, MP+6 Int+6}
     2 | D        | Found the +27 heavy crossbow "Sniper" {heavy, Acc+∞ SInv}
     2 | D        | Found the +10 dark maul {heavy}
     2 | D        | Found the +15 Maxwell's patent armour {-Cast -Tele rElec
                  | Will+ rCorr}
     2 | D        | Found the +18 shield of the Gong {Loud rN+ Will+ rCorr
                  | EV-5}
     2 | D        | Found the +16 obsidian axe {drain, demonic, Mesm Drain Fly
                  | SInv}
     2 | D        | Found the +7 great mace "Firestarter" {flame, immolate,
                  | rFlCloud rF++}
     2 | D        | Found the +6 shillelagh "Devastator" {shatter}
     2 | D        | Found the +11 plutonium sword {Contam Stlth-}
     2 | D        | Found the +8 lance "Wyrmbane" {slay drac, rPois rF+ rC+
                  | AC+3}
     2 | D        | Found the +9 sword of Zonguldrok {reap}
     2 | D        | Found the +13 scythe of Curses {drain, curses, Drain}
     2 | D        | Found the +9 sword of Power {lifebolt}
     2 | D        | Found the +7 mace of Variability {chaos, chaos arc}
     2 | D        | Found the +11 Singing Sword {sonic wave}
     2 | D        | Found the +8 storm bow {elec, penet}
     6 | D        | Found a shimmering blue altar of Sif Muna.
     6 | D        | Found a sacrificial altar of Ru.
     6 | D        | Found a bloodstained altar of Trog.
     6 | D        | Found a stormy altar of Qazlal.
     6 | D        | Found an iron altar of Okawaru.
     6 | D        | Found a sparkling altar of Nemelex Xobeh.
    13 | D        | Found a corrupted altar of Lugonu.
    13 | D        | Found an ancient bone altar of Kikubaaqudgha.
    13 | D        | Found a burning altar of Makhleb.
    13 | D        | Found a transporter.
    13 | D        | Found a viscous altar of Jiyva.
    13 | D        | Found a hazy altar of Hepliaklqana.
    32 | D        | Found an opulent altar of Gozag.
    57 | D        | Entered arena 2.
    57 | D        | Noticed a bullfrog
    57 | D        | Noticed an iguana
    57 | D        | Found a transporter.
    60 | D        | Killed a bullfrog
    61 | D        | Reached skill level 7 in Fighting
    61 | D        | Reached skill level 5 in Axes
    61 | D        | Reached XP level 2. HP: 3/40 MP: 2/2
    61 | D        | Reached XP level 3. HP: 4/46 MP: 3/3
    61 | D        | Reached XP level 4. HP: 5/55 MP: 4/4
    62 | D        | Reached skill level 5 in Dodging
    68 | D        | Got the +1 robe "Muxoyreo" {rF+ rN+ Int+5 Dex-5}
   331 | D        | Entered arena 3.
   331 | D        | Noticed a merfolk
   331 | D        | Noticed a merfolk
   331 | D        | Noticed a merfolk
   331 | D        | Found a transporter.
   336 | D        | Killed a merfolk
   336 | D        | Reached ** piety under Trog
   336 | D        | Mangled by a merfolk

Illustrated notes

Levels and vault maps discovered:
D:        sprint_v [room_start, room_1, room_2, room_3, room_4, room_5, room_6,
          room_7, room_8, room_9, room_10, room_11, room_12, room_13, room_14,
          room_15, room_16, room_17, room_18, room_19, room_20, room_21,
          room_22, room_23, room_24, room_25, room_26, room_27]

Skill      XL: |  1  2  3  4 |
---------------+-------------+-----
Fighting       | 7 |  7.7
Axes           | 5 |  5.7
Dodging        | 4 5 |  5.1
Maces & Flails | |  0.8

Action                     |  1- 3 |  4- 6 || total
---------------------------+-------+-------++-------
  Melee: Maul              |     2 |     3 ||     5
 Invoke: Berserk           |     1 |     1 ||     2
 Armour: Animal skin       |     1 |       ||     1
  Dodge: Dodged            |     4 |     6 ||    10
